Map: Orbital Shipyard

Players

xKawaiian

  • Race: Terran Terran
  • League: Master

LoraX - Winner!

  • Race: Terran Terran
  • League: Master

VOD

Have the link to the VOD?

Description

Time

  • Played on: Jan. 13, 2016, 5:03 p.m.
  • Length: 4:30
Show
View Real Time Build Order
Export as new Build Order

xKawaiian Terran 

Build Orders: 1/1/1, Cyclone Opening 

Get SALT Encoding   

  12  0:00  SCV  
  13  0:13  SCV  
  14  0:17  Supply Depot  
  14  0:25  SCV  
  15  0:39  SCV  
  15  0:40  Barracks  
  16  0:46  Refinery  
  16  0:51  SCV  
  16  0:52  Refinery  
  17  1:03  SCV  
  18  1:15  SCV  
  19  1:28  Marine  
  19  1:29  Orbital Command  
  20  1:33  Factory  
  20  1:42  Supply Depot  
  20  1:46  Marine  
  21  1:55  SCV  
  22  2:04  Marine  
  23  2:08  SCV  
  24  2:16  Factory Tech Lab, Starport  
  24  2:20  SCV  
  24  2:22  Marine  
  26  2:26  Supply Depot  
  26  2:32  SCV  
  27  2:39  Cyclone  
  30  2:46  Marine  
  30  2:48  SCV  
  32  2:52  Medivac  
  34  2:58  Supply Depot  
  34  3:00  SCV  
  34  3:04  Marine  
  36  3:12  SCV  
  37  3:20  Cyclone, Engineering Bay  
  37  3:24  Marine  
  41  3:38  SCV  
  41  3:40  Supply Depot  
  42  3:42  Marine  
  43  3:50  Missile Turret  
  46  4:01  Marine  
  50  4:15  Supply Depot  
  50  4:23  Supply Depot  
  50  4:26  Missile Turret  
Show
View Real Time Build Order
Export as new Build Order

LoraX Terran - Winner!

Build Orders: 1/1/1, Banshee Rush 

Get SALT Encoding   

  12  0:00  SCV  
  13  0:12  SCV  
  14  0:17  Supply Depot  
  14  0:25  Refinery  
  14  0:28  SCV  
  15  0:40  SCV  
  16  0:45  Barracks  
  16  0:52  SCV  
  17  0:58  Refinery  
  17  1:04  SCV  
  18  1:16  SCV  
  19  1:29  SCV  
  19  1:32  Factory  
  20  1:35  Reaper  
  21  1:41  Orbital Command  
  21  1:49  Supply Depot  
  21  2:06  SCV  
  21  2:07  Reaper  
  23  2:16  Hellion  
  23  2:18  SCV  
  23  2:20  Starport  
  26  2:29  Supply Depot  
  26  2:30  SCV  
  27  2:40  Barracks Tech Lab  
  27  2:43  SCV  
  28  2:49  Hellion  
  30  2:55  SCV  
  31  3:03  Banshee, Cloaking Field  
  34  3:07  SCV, Barracks Tech Lab  
  34  3:10  Factory Reactor  
  35  3:15  Supply Depot  
  35  3:22  SCV  
  36  3:28  Marauder  
  38  3:37  Supply Depot  
  38  3:52  Marauder  
  38  3:55  Hellion x2  
  44  3:59  Supply Depot  
Tags
 
Add a new tag
Caveats
  • Supply blocks, unpowered buildings, or Contaminate may cause inaccurate times.
  • Supply counts are checked every 10 seconds.